 Dungeon Crawl Stone Soup version 0.25.1-2-g60ff931df9 (webtiles) character file.

Game seed: 11332321648883839217

205 lepoulpe303 the Skirmisher (level 5, -4/47 HPs)
             Began as a Draconian Fighter on Oct 6, 2020.
             Killed by nerve-wracking pain
             ... invoked by an orc priest
              (8 damage)
             ... on level 3 of the Dungeon.
             The game lasted 00:03:28 (3163 turns).

lepoulpe303 the Skirmisher (Draconian Fighter)      Turns: 3163, Time: 00:03:28

Health: -4/47      AC:  5    Str: 19    XL:     5   Next: 53%
Magic:  5/5        EV: 11    Int:  8    God:
Gold:   132        SH:  9    Dex: 11    Spells: 4/4 levels left

rFire    . . .     SeeInvis .   a - +0 long sword
rCold    . . .     Gourm    .   b - +0 kite shield
rNeg     . . .     Faith    .   (armour unavailable)
rPois    .         Spirit   .   (helmet restricted)
rElec    .         Reflect  .   (no cloak)
rCorr    .         Harm     .   (no gloves)
MR       .....                  (no boots)
Stlth    +.........             (no amulet)
HPRegen  0.15/turn              (no ring)
MPRegen  0.09/turn              (no ring)

@: mighty
A: unfitting armour, cold-blooded, AC +5
a: no special abilities


You were on level 3 of the Dungeon.
You were hungry.

You visited 1 branch of the dungeon, and saw 3 of its levels.

You collected 132 gold pieces.

Inventory:

Hand Weapons
 a - a +0 long sword (weapon)
Armour
 b - a +0 kite shield (worn)
Jewellery
 e - an uncursed amulet of reflection {unknown}
 g - an uncursed ring of stealth {unknown}
 q - an uncursed amulet of faith {unknown}
Wands
 f - a wand of acid (8)
Scrolls
 h - a scroll of remove curse {unknown}
 i - 2 scrolls of identify {unknown}
 j - a scroll of teleportation {unknown}
 l - 2 scrolls of noise {unknown}
 m - a scroll of fog {unknown}
 n - a scroll of enchant weapon {unknown}
 o - a scroll of random uselessness {unknown}
 p - a scroll of blinking {unknown}
Potions
 d - 2 potions of might
Comestibles
 c - 9 rations
 k - a chunk of flesh


   Skills:
 * Level 4.8 Fighting
 * Level 3.6 Long Blades
 + Level 3.3 Dodging
 + Level 3.7 Shields


You had 4 spell levels left.
You didn't know any spells.
Your spell library contained the following spells:

 Spells                   Type           Power        Failure   Level  Hunger
 Confusing Touch          Hex            #.......     99%         3    ####...
 Gell's Gravitas          Tloc           #.........   99%         3    ####...
 Petrify                  Tmut/Erth      #.......     100%        4    #####..
 Metabolic Englaciation   Hex/Ice        #.........   100%        5    ######.
 Yara's Violent Unravell  Hex/Tmut       #.........   100%        5    ######.


Dungeon Overview and Level Annotations

Branches:
Dungeon (3/15)

Altars:


Innate Abilities, Weirdness & Mutations

Your plain brown scales are hard. (AC +5)
You cannot fit into any form of body armour.
You are cold-blooded and may be slowed by cold attacks.


Message History

The shadow imp disappears in a puff of smoke! x2
The orc priest looks braver for a moment.
Sorry, you're not good enough to have a special ability.
There are monsters nearby!
Okay, then.
You feel very mighty all of a sudden. The orc barely misses you.
You riposte.
You slash the orc!
You kill the orc!
You are feeling hungry.
The orc priest calls down the wrath of Beogh upon you.
Beogh smites you!
* * * LOW HITPOINT WARNING * * *
You hear a shout! x2
You see here a +0 falchion.
You take 13 damage, and have 4/47 hp.
MASSIVE DAMAGE!!
You slash the orc priest!
The orc priest invokes the aid of Beogh against you.
Pain shoots through your body!
You die...

#........# #. ...## ...#
#.....#.# #.##...###...#
#.......# #............#
###..[#>#.## #...# ).#
#..........o###.# ##.######.#
#.####.#.##....# #.#......#
#)# #.#.##.#### ###.#.###..###
. #.# #.#.##.######...#.#
#..... .##.##
#.#.##.lo@.†......###.####
.....###.#.#########.........#
.........#.# #.###.###.#
###...##.#.# ##.# #.# #)#
###...##.#.# #..# #.# #.#
.........#.# #..# #.# #.#
.........#.# ###..###.# #.####
.........#.# #........# #.....
###÷..##.#.######.###.#..#
######


You could see an orc priest and a leopard gecko.

Levels and vault maps discovered:
D:1:      ncdulo_smallfort, layout_basic
D:2:      layout_basic, first_ration
D:3:      layout_loops_ring, grunt_dithmenos_smoke, uniq_natasha

Notes
Turn   | Place    | Note
-------+----------+-------------------------------------------
     0 | D:1      | lepoulpe303 the Draconian Fighter began the quest for the
                  | Orb.
     0 | D:1      | Reached XP level 1. HP: 19/19 MP: 1/1
    30 | D:1      | Identified a +0 dagger
    33 | D:1      | Identified a +0 short sword
   145 | D:1      | Identified a +0 club
   190 | D:1      | Identified a +0 whip
   190 | D:1      | Identified a +0 short sword
   308 | D:1      | Reached XP level 2. HP: 24/26 MP: 2/2
   382 | D:1      | Identified a +0 dagger
   385 | D:1      | Identified a +0 dagger
   425 | D:1      | Identified a +0 dagger
  1030 | D:2      | Reached XP level 3. HP: 33/33 MP: 3/3
  1077 | D:2      | Identified a +0 dagger
  1079 | D:2      | Identified a +0 whip
  1391 | D:2      | Identified a +0 club
  1496 | D:2      | Reached skill level 4 in Fighting
  1504 | D:2      | Reached skill level 3 in Dodging
  2095 | D:3      | Noticed Natasha
  2105 | D:3      | Identified a +0 club
  2115 | D:3      | Killed Natasha
  2115 | D:3      | Reached skill level 3 in Long Blades
  2115 | D:3      | Reached XP level 4. HP: 34/40 MP: 4/4
  2681 | D:3      | Identified a +0 dagger
  2718 | D:3      | Identified a +0 whip
  2718 | D:3      | Identified a +0 dagger
  2729 | D:3      | Reached XP level 5. HP: 24/47 MP: 5/5
  3004 | D:3      | Noticed Natasha
  3009 | D:3      | Killed Natasha
  3139 | D:3      | Identified a +0 dagger
  3139 | D:3      | Identified a +0 robe
  3139 | D:3      | Identified a +0 trident
  3139 | D:3      | Identified a +0 falchion
  3146 | D:3      | Noticed Natasha
  3160 | D:3      | Killed Natasha
  3162 | D:3      | HP: 4/47 [orc priest/divine providence (13)]
  3163 | D:3      | Killed from afar by an orc priest

Table legend:
 A = Turns spent in this place as a percentage of turns spent in the entire game.
 B = Non-inter-level travel turns spent in this place as a percentage of non-inter-level travel turns spent in the entire game.
 C = Inter-level travel turns spent in this place as a percentage of turns spent in this place.
 D = Turns resting spent in this place as a percentage of non-inter-level travel turns spent in this place.
 E = Turns spent auto-exploring this place as a percentage of non-inter-level travel turns spent in this place.
 F = Non-inter-level travel turns spent in this place divided by the number of levels of this place that you've seen.
                   A       B       C       D       E      F
               +-------+-------+-------+-------+-------+----------------------
         Total | 100.0 | 100.0 |   2.1 |  24.3 |  63.6 | 1032.0
       Dungeon | 100.0 | 100.0 |   2.1 |  24.3 |  63.6 | 1032.0
               +-------+-------+-------+-------+-------+----------------------

Table legend:
 A = Kills in this place as a percentage of kills in entire the game.
 B = Kills by you in this place as a percentage of kills by you in the entire game.
 C = Kills by friends in this place as a percentage of kills by friends in the entire game.
 D = Other kills in this place as a percentage of other kills in the entire game.
 E = Experience gained in this place as a percentage of experience gained in the entire game.
 F = Experience gained in this place divided by the number of levels of this place that you have seen.
                   A       B       C       D       E      F
               +-------+-------+-------+-------+-------+----------------------
         Total | 100.0 | 100.0 |   N/A |   N/A | 100.0 |  98.0
       Dungeon | 100.0 | 100.0 |   N/A |   N/A | 100.0 |  98.0
               +-------+-------+-------+-------+-------+----------------------

Skill      XL: |  1  2  3 |
---------------+----------+-----
Fighting       | 4 |  4.8
Dodging        | 3 |  3.3
Long Blades    | 3 |  3.6
Shields        | |  3.7

Action                   |  1- 3 |  4- 6 || total
-------------------------+-------+-------++-------
Melee: Long sword        |   112 |    89 ||   201
       Tailslap          |    19 |    12 ||    31
  Use: Potion            |       |     1 ||     1
 Stab: Sleeping          |     1 |       ||     1
       Distracted        |       |     1 ||     1
  Eat: Chunk             |     3 |     4 ||     7
Armor: Skin              |    28 |    32 ||    60
Dodge: Dodged            |    47 |    48 ||    95
Block: Kite shield       |    45 |    51 ||    96
       Rpst.: Long sword |    19 |    17 ||    36

Vanquished Creatures
  Natasha (thrice) (D:3)
  6 adders (D:3)
  3 worms (D:2)
  2 dart slugs (D:2)
  A leopard gecko (D:3)
  4 orcs (D:3)
  3 bats
  A giant cockroach (D:2)
  4 hobgoblins
  7 jackals
  A ball python (D:3)
  3 frilled lizards (D:2)
  6 goblins
  14 kobolds
  6 rats
64 creatures vanquished.
